 Dungeon Crawl Stone Soup version 0.30.0-5-g1a98f26d00 (webtiles) character file.

Game seed: 13027473680326680353

425 AarnesTheHuman the Trooper (level 6, -2/56 HPs)
             Began as a Hill Orc Fighter on May 11, 2023.
             Slain by a troll (9 damage)
             ... on level 5 of the Dungeon.
             The game lasted 00:05:40 (3288 turns).

AarnesTheHuman the Trooper (Hill Orc Fighter)       Turns: 3288, Time: 00:05:41

Health: -2/56      AC: 21    Str: 21    XL:     6   Next: 96%
Magic:  6/6        EV:  6    Int:  8    God:
Gold:   160        SH:  5    Dex: 10    Spells: 5/5 levels left

rFire   . . .        a - +0 war axe (protect)
rCold   + . .        c - +0 buckler
rNeg    . . .        v - +0 plate armour
rPois   .            B - +0 helmet
rElec   .            q - +0 cloak
rCorr   .            (no gloves)
SInv    .            (no boots)
Will    .....        C - amulet of magic regeneration Stlth
                     u - ring of protection from cold
HPRegen 0.29/turn    (no ring)
MPRegen 0.50/turn

%: no passive effects
@: under a protective aura
A: no striking features
a: no special abilities


You were on level 5 of the Dungeon.
You visited 1 branch of the dungeon, and saw 6 of its levels.

You collected 160 gold pieces.

Inventory:

Hand Weapons
 a - a +0 war axe of protection (weapon)
 k - a +2 heavy falchion
 t - a +2 dagger of holy wrath
Missiles
 e - 78 stones (quivered)
 f - 3 datura-tipped darts
 m - 4 boomerangs
 x - 8 poisoned darts
Armour
 b - a +0 scale mail
 c - a +0 buckler (worn)
 q - a +0 cloak (worn)
 v - a +0 plate armour (worn)
 B - a +0 helmet (worn)
Jewellery
 u - a ring of protection from cold (left hand)
 A - a ring of magical power
 C - an amulet of magic regeneration (around neck)
 I - a +6 ring of intelligence
Scrolls
 l - a scroll of blinking
Potions
 d - a potion of might
 g - 2 potions of flight
 j - 2 potions of curing {unknown}
 p - 5 potions of heal wounds {unknown}
 s - a potion of haste {unknown}
 w - a potion of experience {unknown}
 z - a potion of magic {unknown}
 G - a potion of mutation {unknown}
 H - a potion of lignification {unknown}


   Skills:
 + Level 5.4 Fighting
 + Level 5.2 Axes
 + Level 5.0 Armour
 + Level 5.0 Shields


You had 5 spell levels left.
You didn't know any spells.
Your spell library was empty.

Dungeon Overview and Level Annotations

Branches:
Dungeon (6/15)
 Temple: D:4-7

Altars:


Message History

The troll bites you! The troll claws you but does no damage.
You block the troll's attack.
The orc priest threatens, "By the altar or by the axe, you will meet Beogh!"
You barely miss the troll.
The orc priest casts a cantrip, but nothing happens.
The troll bites you but does no damage. The troll claws you.
You block the troll's attack.
You barely miss the troll. The troll bites you! The troll claws you. x2
You slash the troll!
Your weapon exudes an aura of protection.
The troll is moderately wounded.
You slash the orc priest!
The orc priest shouts, "Join the one true god or die!"
The troll barely misses you. The troll claws you.
The troll claws you but does no damage.
The orc priest looks satisfied for a moment.
You hit the troll but do no damage.
The troll is moderately wounded.
You completely miss the orc priest. The troll bites you but does no damage.
The troll claws you! The troll barely misses you.
The orc priest barely misses you. You block the orc priest's attack.
The troll bites you but does no damage.
The troll claws you but does no damage. x2
You hit the troll.
The troll is moderately wounded.
You hit the orc priest. The troll bites you but does no damage.
You block the troll's attack. The troll claws you but does no damage.
The orc priest hits you but does no damage.
The orc priest threatens, "By the altar or by the axe, you will meet Beogh!"
You hit the troll.
The troll is moderately wounded.
You slash the orc priest!
You kill the orc priest!
The troll bites you!
* * * LOW HITPOINT WARNING * * *
The troll barely misses you. The troll claws you but does no damage.
Your Armour skill increases to level 5!
You slash the troll!
The troll is heavily wounded.
The troll bites you!
You die...

#...# ....# ##...## #.### ...#
#...o.# #.# #.....# #.#
########### #.....# ####.####
#.........# ##...##
........###......#### #####.#
.##..##.##.......## ##.###.#
.#...##.#........)####...##.#####
........'..[....@T'...>(.........
.....##.#.........####...##.#####
........##.......## ##.###.#
.##.#######.....## .......# .##.#
##...## #.####### .##.#### ##+##
#. .......# #.# # ###.##.# #.#
#.##.######.##


You could see a troll.

Vanquished Creatures
  A killer bee (D:5)
  2 orc priests (D:5)
  An orc wizard (D:5)
  12 gnolls
  7 adders
  2 ufetubi (D:4)
  A worm (D:2)
  A dart slug (D:2)
  10 orcs
  9 ball pythons
  4 endoplasms
  4 giant cockroaches
  5 goblins
  13 hobgoblins
  4 jackals
  5 quokkas
  5 bats
  5 frilled lizards
  6 kobolds
  6 rats
103 creatures vanquished.

Notes
Turn   | Place    | Note
-------+----------+-------------------------------------------
     0 | D:1      | AarnesTheHuman the Hill Orc Fighter began the quest for the
                  | Orb.
     0 | D:1      | Reached XP level 1. HP: 19/19 MP: 1/1
   109 | D:1      | Reached XP level 2. HP: 21/27 MP: 2/2
   307 | D:1      | Reached XP level 3. HP: 33/33 MP: 3/3
   678 | D:2      | Reached XP level 4. HP: 35/40 MP: 4/4
  1095 | D:2      | Reached XP level 5. HP: 10/47 MP: 5/5
  1244 | D:2      | Found a faded altar of an unknown god.
  1982 | D:3      | Reached skill level 5 in Fighting
  1982 | D:3      | Reached XP level 6. HP: 56/56 MP: 6/6
  2639 | D:5      | Entered Level 5 of the Dungeon
  3052 | D:5      | Noticed a troll
  3053 | D:5      | Reached skill level 5 in Axes
  3074 | D:5      | Reached skill level 5 in Shields
  3075 | D:5      | HP: 1/56 [troll (13)]
  3288 | D:5      | Reached skill level 5 in Armour
  3288 | D:5      | Slain by a troll

Illustrated notes

Levels and vault maps discovered:
D:1:      spicycebolla_arrival_clurvy, layout_rooms
D:2:      layout_loops_ring, basic_ecumenical_altar
D:3:      layout_basic
D:4:      layout_basic, amethyst_killhole, abandoned_shop
D:5:      kennysheep_big_flooded_room, layout_loops_corners,
          dancing_weapons_uskayaw, minmay_misc_feat_four_crosses,
          palyth_stone_intersect, minivault_1
D:6:      layout_basic, minmay_temple_entry_enclosed_plants,
          chequers_serial_rivers_micro_e, kennysheep_diamond

Skill      XL: |  1  2  3  4  5  6 |
---------------+-------------------+-----
Axes           | 3 4 5 |  5.2
Fighting       | 4 5 |  5.4
Shields        | 4 5 |  5.0
Armour         | 4 5 |  5.0

Action                     |  1- 3 |  4- 6 || total
---------------------------+-------+-------++-------
  Melee: War axe           |    75 |   192 ||   267
  Throw: Stone             |     1 |       ||     1
         Dart              |       |     3 ||     3
         Javelin           |       |     2 ||     2
    Use: Scroll            |       |    10 ||    10
         Potion            |       |     1 ||     1
 Armour: Scale mail        |    53 |     4 ||    57
         Plate armour      |       |   187 ||   187
  Dodge: Dodged            |    73 |    84 ||   157
  Block: Buckler           |    25 |    66 ||    91
